Pick #1

Connor Bedard
Pick #2

Leo Carlsson
Pick #3

Adam Fantilli
Pick #4

Matvei Michkov
Pick #5

David Reinbacher
Pick #6

William Smith
Pick #7

Zachary Benson
Pick #8

Ryan Leonard
Pick #9

Gabriel Perreault
Pick #10

Axel Sandin-Pellika
Pick #11

Daniil But
Pick #12

Dalibor Dvorsky
Pick #13

Quentin Musty
Pick #14

Brayden Yager
Pick #15

Dmitry Simashev
Pick #16

Colby Barlow
Pick #17

Andrew Cristall
Pick #18

Easton Cowan
Pick #19

Jacob Fowler
Pick #20

Oliver Moore
Pick #21

Oliver Bonk
Pick #22

Tom Willander
Pick #23

Calum Ritchie
Pick #24

Tanner Molendyk
Pick #25

Gavin Brindley
Pick #26

Nate Danielson
Pick #27

Pick #28

Pick #29

Pick #30

Pick #31

Pick #32

Pick #33

Pick #34

Pick #35

Pick #36

Pick #37

Pick #38

Pick #39

Pick #40

Pick #41

Pick #42

Pick #43

Pick #44

Pick #45

Pick #46

Pick #47

Pick #48

Pick #49

Pick #50

Pick #51

Pick #52

Pick #53

Pick #54

Pick #55

Pick #56

Pick #57

Pick #58

Pick #59

Pick #60

Pick #61

Pick #62

Pick #63

Pick #64

Pick #65

Pick #66

Pick #67

Pick #68

Pick #69

Pick #70

Pick #71

Pick #72

Pick #73

Pick #74

Pick #75

Pick #76

Pick #77

Pick #78

Pick #79

Pick #80

Pick #81

Pick #82

Pick #83

Pick #84

Pick #85

Pick #86

Pick #87

Pick #88

Pick #89

Pick #90

Pick #91

Pick #92

Pick #93

Pick #94

Pick #95

Pick #96

Pick #97

Pick #98

Pick #99

Pick #100

Pick #101

Pick #102

Pick #103

Pick #104

Pick #105

Pick #106

Pick #107

Pick #108

Pick #109

Pick #110

Pick #111

Pick #112

Pick #113

Pick #114

Pick #115

Pick #116

Pick #117

Pick #118

Pick #119

Pick #120

Pick #121

Pick #122

Pick #123

Pick #124

Pick #125

Pick #126

Pick #127

Pick #128

Pick #129

Pick #130

Full Scoreboard »»

Golden Knights vs Jets

Created - March 3, 2024 at 22:38

Goals
1 2 3 T
Golden Knights 0 3 1 4
Jets 0 2 0 2
Shots
1 2 3 T
Golden Knights 5 10 11 26
Jets 8 11 6 25

GoalsPenalties
1st period
No Goal
Miro Heiskanen (VGK) for Roughing (Minor) at 0:21
Hampus Lindholm (WPG) for Interference (Minor) at 7:06
Zach Werenski (VGK) for Interference (Minor) at 13:51
Torey Krug (WPG) for Hooking (Minor) at 16:28
2nd period
1. Golden Knights , Travis Hamonic 9 (Vladislav Namestnikov 7) at 2:03
2. Jets , Jake Bean 5 (Oliver Bjorkstrand 23, Connor Murphy 20) at 8:13
3. Jets , Oliver Bjorkstrand 21 (Jake Bean 7) at 9:03
4. Golden Knights , Marcus Foligno 9 (Jack Roslovic 9, Miro Heiskanen 42) at 12:39
5. Golden Knights , Tomas Hertl 19 (Miro Heiskanen 43, Mark Stone 33) at 17:00
No Penalty
3rd period
6. Golden Knights , Jakob Chychrun 8 (Tomas Hertl 29) at 13:45 (PP)
Hampus Lindholm (WPG) for Tripping (Minor) at 6:39
Connor Murphy (WPG) for Holding (Minor) at 13:42
Miro Heiskanen (VGK) for Delaying the game (Minor) at 15:31
Goalie Stats
Ilya Samsonov (VGK), 23 saves from 25 shots - (0.920), W, 29-22-7, 60:00 minutes
Darcy Kuemper (WPG), 22 saves from 26 shots - (0.846), L, 27-12-6, 60:00 minutes
3 StarsOfficial
1 - Marcus Foligno (VGK)
2 - Oliver Bjorkstrand (WPG)
3 - Jake Bean (WPG)
Referees : Adam Bloski and Chris Lee
Linesman : Derek Wahl and Scott Driscoll
Game Note
No Game Note
Finance
Level 1 -- Attendance: 4241 (70.68%) -- Ticket Income $572,535
Level 2 -- Attendance: 2992 (59.84%) -- Ticket Income $374,000
Level 3 -- Attendance: 1695 (77.05%) -- Ticket Income $203,400
Level 4 -- Attendance: 903 (88.88%) -- Ticket Income $103,845
Luxury Box -- Attendance: 503 (62.88%) -- Ticket Income $176,050
Game was played at the Canada Life Center.
Total Attendance: 10334 (68.82%)
Total Ticket Income: $1,429,830
Other Income: $357,458
Total Income: $1,787,288



Team Name Goals Shots Shots Attemp Shots Blocked PIM HIT PP PK FO%
Golden Knights 4265466141 / 4 (25%)044%
Jets 2254278190 / 3 (0%)156%

Golden Knights
Player Name POS G A P +/- PIM HIT SHT SB MP PP MP PP SHT PK MP PK SHT FO% FOT
Adam BoqvistD0000000121:303:0002:3000% 0
Austin WatsonLW000001004:510:0000:0000% 0
Derek GrantC000000118:580:0004:07060% 5
Jack RoslovicC0110000020:062:5100:00042% 36
Jake EvansC000000106:410:0001:50060% 5
Jakob ChychrunD1010002122:253:0013:2500% 0
Kirby DachC0000011020:062:5100:00050% 2
Marcus FolignoLW1010062124:313:0904:070100% 1
Mark StoneRW0110004018:323:0920:0000% 3
Mattias JanmarkC0001010010:340:0000:0000% 0
Miro HeiskanenD0221421223:283:0011:0200% 0
Rafael Harvey-PinardLW0001000010:340:0000:000100% 1
Sean WalkerD0000010015:070:0002:3200% 0
T.J. OshieRW0000015018:142:5110:00067% 3
Tomas HertlC1120005018:323:0900:00048% 21
Travis HamonicD1010011012:350:0000:0000% 0
Vladislav NamestnikovC0111002012:240:0001:50025% 12
Zach WerenskiD0001201024:523:0012:2500% 0
Jets
Player Name POS G A P +/- PIM HIT SHT SB MP PP MP PP SHT PK MP PK SHT FO% FOT
Andre BurakovskyLW0002012021:193:0900:3300% 2
Andreas AthanasiouC000-1002018:212:4801:51050% 6
Connor MurphyD0112231321:500:0004:1700% 0
Darren HelmC000001207:350:0000:00060% 5
Ethan BearD000-2020012:270:0001:0700% 0
Garnet HathawayRW000-1040017:080:0003:2600% 1
Gustav NyquistC000-1002020:062:4813:36047% 32
Hampus LindholmD000-1402123:063:1910:4000% 0
Jake BeanD1122001120:122:3800:0000% 0
Kieffer BellowsLW000002007:350:0000:0000% 0
Mark JankowskiC000-2011011:000:0001:51067% 15
Nate SchmidtD000-2041217:392:3803:4100% 0
Nick SchmaltzC0002002021:293:0900:43068% 28
Oliver BjorkstrandRW1122014020:463:0900:0000% 0
Oskar SundqvistC000-200009:090:0000:0000% 0
Thomas NovakC000-2003011:572:4800:0000% 0
Torey KrugD000-1202024:423:1912:1500% 0
Zac DalpeC000000007:350:0000:0000% 0



Play-by-Play

1st period


0:01 of 1st period - Jack Roslovic wins face-off versus Nick Schmaltz in neutral zone.
0:01 of 1st period - Miro Heiskanen is hit by Andre Burakovsky and loses puck.
0:21 of 1st period - Minor Penalty to Miro Heiskanen for Roughing.
0:22 of 1st period - Andreas Athanasiou wins face-off versus Derek Grant in Golden Knights zone.
1:28 of 1st period - Shot by Torey Krug.
1:28 of 1st period - Stopped by Ilya Samsonov without a rebound.
1:29 of 1st period - Jake Evans wins face-off versus Andre Burakovsky in Golden Knights zone.
2:37 of 1st period - Shot by Tomas Hertl.
2:37 of 1st period - Deflect By T.J. Oshie.
2:37 of 1st period - Stopped by Darcy Kuemper with a rebound.
2:39 of 1st period - Shot by Mark Stone.
2:39 of 1st period - Stopped by Darcy Kuemper with a rebound.
3:16 of 1st period - Off-side.
3:17 of 1st period - Gustav Nyquist wins face-off versus Vladislav Namestnikov in neutral zone.
6:02 of 1st period - Shot by Nick Schmaltz.
6:02 of 1st period - Stopped by Ilya Samsonov without a rebound.
6:03 of 1st period - Gustav Nyquist wins face-off versus Jake Evans in Golden Knights zone.
6:43 of 1st period - Icing by Ethan Bear.
6:44 of 1st period - Gustav Nyquist wins face-off versus Jack Roslovic in Jets zone.
7:06 of 1st period - Minor Penalty to Hampus Lindholm for Interference.
7:07 of 1st period - Tomas Hertl wins face-off versus Gustav Nyquist in Jets zone.
7:37 of 1st period - Icing by Miro Heiskanen.
7:38 of 1st period - Marcus Foligno wins face-off versus Gustav Nyquist in Golden Knights zone.
7:42 of 1st period - Miro Heiskanen is hit by Connor Murphy and loses puck.
9:13 of 1st period - Vladislav Namestnikov is hit by Connor Murphy and loses puck.
10:28 of 1st period - Icing by Nate Schmidt.
10:29 of 1st period - Jack Roslovic wins face-off versus Nick Schmaltz in Jets zone.
10:53 of 1st period - Off-side.
10:54 of 1st period - Gustav Nyquist wins face-off versus Tomas Hertl in neutral zone.
11:02 of 1st period - Mark Stone is hit by Garnet Hathaway and loses puck.
11:13 of 1st period - Shot by Tomas Hertl.
11:13 of 1st period - Stopped by Darcy Kuemper without a rebound.
11:14 of 1st period - Nick Schmaltz wins face-off versus Jack Roslovic in Jets zone.
11:29 of 1st period - Ethan Bear is hit by Marcus Foligno and loses puck.
11:51 of 1st period - Icing by Ethan Bear.
11:52 of 1st period - Nick Schmaltz wins face-off versus T.J. Oshie in Jets zone.
12:13 of 1st period - Shot by Tomas Hertl.
12:13 of 1st period - Stopped by Darcy Kuemper without a rebound.
12:14 of 1st period - Vladislav Namestnikov wins face-off versus Gustav Nyquist in Jets zone.
12:39 of 1st period - Shot by Gustav Nyquist.
12:39 of 1st period - Shot Misses the Net.
13:15 of 1st period - Shot by Marcus Foligno.
13:15 of 1st period - Stopped by Darcy Kuemper without a rebound.
13:16 of 1st period - Mark Jankowski wins face-off versus Tomas Hertl in Jets zone.
13:25 of 1st period - Shot by Mark Jankowski.
13:25 of 1st period - Shot Misses the Net.
13:31 of 1st period - Shot by Connor Murphy.
13:31 of 1st period - Stopped by Ilya Samsonov without a rebound.
13:32 of 1st period - Nick Schmaltz wins face-off versus Jack Roslovic in Golden Knights zone.
13:37 of 1st period - Shot by Oliver Bjorkstrand.
13:37 of 1st period - Stopped by Ilya Samsonov without a rebound.
13:38 of 1st period - Jack Roslovic wins face-off versus Nick Schmaltz in Golden Knights zone.
13:43 of 1st period - Nick Schmaltz is hit by Marcus Foligno and loses puck.
13:51 of 1st period - Minor Penalty to Zach Werenski for Interference.
13:52 of 1st period - Nick Schmaltz wins face-off versus Derek Grant in Golden Knights zone.
14:01 of 1st period - Shot by Hampus Lindholm.
14:01 of 1st period - Stopped by Ilya Samsonov without a rebound.
14:02 of 1st period - Derek Grant wins face-off versus Andreas Athanasiou in Golden Knights zone.
14:27 of 1st period - Shot by Gustav Nyquist.
14:27 of 1st period - Stopped by Ilya Samsonov without a rebound.
14:28 of 1st period - Derek Grant wins face-off versus Nick Schmaltz in Golden Knights zone.
16:07 of 1st period - Icing by Zach Werenski.
16:08 of 1st period - Mark Jankowski wins face-off versus Tomas Hertl in Golden Knights zone.
16:28 of 1st period - Minor Penalty to Torey Krug for Hooking.
16:29 of 1st period - Jack Roslovic wins face-off versus Gustav Nyquist in Jets zone.
16:37 of 1st period - Icing by Jack Roslovic.
16:38 of 1st period - Jack Roslovic wins face-off versus Garnet Hathaway in Golden Knights zone.
17:05 of 1st period - Connor Murphy is hit by T.J. Oshie.
18:08 of 1st period - Shot by Mark Stone.
18:08 of 1st period - Shot Misses the Net.
18:19 of 1st period - Icing by Miro Heiskanen.
18:20 of 1st period - Tomas Hertl wins face-off versus Andreas Athanasiou in Golden Knights zone.
19:00 of 1st period - Shot by Andre Burakovsky.
19:00 of 1st period - Stopped by Ilya Samsonov with a rebound.
19:34 of 1st period - Icing by Adam Boqvist.
19:35 of 1st period - Darren Helm wins face-off versus Jake Evans in Golden Knights zone.
19:46 of 1st period - Shot by Kieffer Bellows.
19:46 of 1st period - Shot Blocked by Adam Boqvist.
19:48 of 1st period - Shot by Darren Helm.
19:48 of 1st period - Shot Misses the Net.
19:58 of 1st period - Shot by Darren Helm.
19:58 of 1st period - Stopped by Ilya Samsonov without a rebound.
19:59 of 1st period - Jack Roslovic wins face-off versus Gustav Nyquist in Golden Knights zone.
19:59 of 1st period - Miro Heiskanen is hit by Garnet Hathaway and loses puck.
Goals for this period are 0 for Golden Knights vs 0 for Jets.
Shots for this period are 5 for Golden Knights vs 8 for Jets.

2nd period


0:01 of 2nd period - Nick Schmaltz wins face-off versus Jack Roslovic in neutral zone.
0:12 of 2nd period - Shot by Nick Schmaltz.
0:12 of 2nd period - Shot Misses the Net.
0:54 of 2nd period - Icing by Zach Werenski.
0:55 of 2nd period - Gustav Nyquist wins face-off versus Jack Roslovic in Golden Knights zone.
0:56 of 2nd period - Shot by Andreas Athanasiou.
0:56 of 2nd period - Shot Blocked by Marcus Foligno.
1:16 of 2nd period - Shot by Tomas Hertl.
1:16 of 2nd period - Shot Misses the Net.
1:18 of 2nd period - Shot by Jakob Chychrun.
1:18 of 2nd period - Stopped by Darcy Kuemper without a rebound.
1:19 of 2nd period - Mark Jankowski wins face-off versus Vladislav Namestnikov in Jets zone.
1:26 of 2nd period - Mark Jankowski is hit by Mattias Janmark and loses puck.
2:03 of 2nd period - Shot by Travis Hamonic.
2:03 of 2nd period - Goal by Travis Hamonic - Golden Knights : 1 - Jets : 0.
2:04 of 2nd period - Nick Schmaltz wins face-off versus Tomas Hertl in neutral zone.
2:16 of 2nd period - Shot by Oliver Bjorkstrand.
2:16 of 2nd period - Deflect By Andre Burakovsky.
2:16 of 2nd period - Shot Misses the Net.
2:30 of 2nd period - Shot by Andre Burakovsky.
2:30 of 2nd period - Stopped by Ilya Samsonov with a rebound.
2:32 of 2nd period - Shot by Torey Krug.
2:32 of 2nd period - Stopped by Ilya Samsonov without a rebound.
2:33 of 2nd period - Gustav Nyquist wins face-off versus Jack Roslovic in Golden Knights zone.
2:37 of 2nd period - Garnet Hathaway is hit by Miro Heiskanen and loses puck.
2:50 of 2nd period - Shot by Marcus Foligno.
2:50 of 2nd period - Shot Blocked by Jake Bean.
2:52 of 2nd period - Shot by Zach Werenski.
2:52 of 2nd period - Shot Misses the Net.
3:07 of 2nd period - Off-side.
3:08 of 2nd period - Nick Schmaltz wins face-off versus Tomas Hertl in neutral zone.
3:48 of 2nd period - Shot by Nick Schmaltz.
3:48 of 2nd period - Stopped by Ilya Samsonov without a rebound.
3:49 of 2nd period - Gustav Nyquist wins face-off versus Jack Roslovic in Golden Knights zone.
3:58 of 2nd period - Shot by Andreas Athanasiou.
3:58 of 2nd period - Shot Blocked by Miro Heiskanen.
4:00 of 2nd period - Shot by Gustav Nyquist.
4:00 of 2nd period - Deflect By Andreas Athanasiou.
4:00 of 2nd period - Stopped by Ilya Samsonov without a rebound.
4:01 of 2nd period - Mark Jankowski wins face-off versus Vladislav Namestnikov in Golden Knights zone.
4:18 of 2nd period - Shot by Vladislav Namestnikov.
4:18 of 2nd period - Stopped by Darcy Kuemper without a rebound.
4:19 of 2nd period - Nick Schmaltz wins face-off versus Jack Roslovic in Jets zone.
4:19 of 2nd period - Nick Schmaltz is hit by Marcus Foligno.
5:28 of 2nd period - Icing by Hampus Lindholm.
5:29 of 2nd period - Nick Schmaltz wins face-off versus Vladislav Namestnikov in Jets zone.
6:29 of 2nd period - Off-side.
6:30 of 2nd period - Tomas Hertl wins face-off versus Mark Jankowski in neutral zone.
6:32 of 2nd period - Off-side.
6:33 of 2nd period - Mark Jankowski wins face-off versus Jack Roslovic in neutral zone.
7:13 of 2nd period - Icing by Nate Schmidt.
7:14 of 2nd period - T.J. Oshie wins face-off versus Mark Jankowski in Jets zone.
7:14 of 2nd period - T.J. Oshie is hit by Nate Schmidt.
7:24 of 2nd period - Shot by Tomas Hertl.
7:24 of 2nd period - Shot Misses the Net.
7:44 of 2nd period - Icing by Tomas Hertl.
7:45 of 2nd period - Tomas Hertl wins face-off versus Gustav Nyquist in Golden Knights zone.
8:01 of 2nd period - Icing by Travis Hamonic.
8:02 of 2nd period - Nick Schmaltz wins face-off versus Tomas Hertl in Golden Knights zone.
8:11 of 2nd period - Shot by Oliver Bjorkstrand.
8:11 of 2nd period - Shot Misses the Net.
8:13 of 2nd period - Shot by Jake Bean.
8:13 of 2nd period - Goal by Jake Bean - Golden Knights : 1 - Jets : 1.
8:14 of 2nd period - Gustav Nyquist wins face-off versus Jack Roslovic in neutral zone.
8:26 of 2nd period - Off-side.
8:27 of 2nd period - Vladislav Namestnikov wins face-off versus Nick Schmaltz in neutral zone.
8:32 of 2nd period - Shot by Adam Boqvist.
8:32 of 2nd period - Shot Misses the Net.
8:35 of 2nd period - Icing by Jake Bean.
8:36 of 2nd period - Jack Roslovic wins face-off versus Andre Burakovsky in Jets zone.
8:48 of 2nd period - Icing by Jake Bean.
8:49 of 2nd period - Nick Schmaltz wins face-off versus Mark Stone in Jets zone.
8:55 of 2nd period - Icing by Andre Burakovsky.
8:56 of 2nd period - Jack Roslovic wins face-off versus Nick Schmaltz in Jets zone.
9:03 of 2nd period - Shot by Oliver Bjorkstrand.
9:03 of 2nd period - Goal by Oliver Bjorkstrand - Golden Knights : 1 - Jets : 2.
9:04 of 2nd period - Gustav Nyquist wins face-off versus Jack Roslovic in neutral zone.
9:30 of 2nd period - Shot by Hampus Lindholm.
9:30 of 2nd period - Stopped by Ilya Samsonov without a rebound.
9:31 of 2nd period - Tomas Hertl wins face-off versus Darren Helm in Golden Knights zone.
9:31 of 2nd period - Tomas Hertl is hit by Kieffer Bellows.
9:40 of 2nd period - Off-side.
9:41 of 2nd period - Nick Schmaltz wins face-off versus Tomas Hertl in neutral zone.
9:46 of 2nd period - Shot by Andre Burakovsky.
9:46 of 2nd period - Deflect By Oliver Bjorkstrand.
9:46 of 2nd period - Stopped by Ilya Samsonov without a rebound.
9:47 of 2nd period - Jack Roslovic wins face-off versus Gustav Nyquist in Golden Knights zone.
10:42 of 2nd period - Adam Boqvist is hit by Garnet Hathaway and loses puck.
11:55 of 2nd period - Icing by Jakob Chychrun.
11:56 of 2nd period - Mark Jankowski wins face-off versus Tomas Hertl in Golden Knights zone.
12:11 of 2nd period - Shot by Nate Schmidt.
12:11 of 2nd period - Stopped by Ilya Samsonov with a rebound.
12:31 of 2nd period - Shot by Marcus Foligno.
12:31 of 2nd period - Shot Misses the Net.
12:33 of 2nd period - Shot by Zach Werenski.
12:33 of 2nd period - Shot Misses the Net.
12:37 of 2nd period - Shot by Jack Roslovic.
12:37 of 2nd period - Shot Blocked by Nate Schmidt.
12:39 of 2nd period - Shot by Marcus Foligno.
12:39 of 2nd period - Goal by Marcus Foligno - Golden Knights : 2 - Jets : 2.
12:40 of 2nd period - Darren Helm wins face-off versus Vladislav Namestnikov in neutral zone.
12:50 of 2nd period - Vladislav Namestnikov is hit by Kieffer Bellows and loses puck.
13:09 of 2nd period - Shot by Vladislav Namestnikov.
13:09 of 2nd period - Stopped by Darcy Kuemper with a rebound.
13:19 of 2nd period - Shot by Vladislav Namestnikov.
13:19 of 2nd period - Shot Misses the Net.
14:00 of 2nd period - Shot by Marcus Foligno.
14:00 of 2nd period - Deflect By Kirby Dach.
14:00 of 2nd period - Stopped by Darcy Kuemper with a rebound.
14:42 of 2nd period - Shot by Jake Evans.
14:42 of 2nd period - Stopped by Darcy Kuemper with a rebound.
14:44 of 2nd period - Shot by Derek Grant.
14:44 of 2nd period - Deflect By Jake Evans.
14:44 of 2nd period - Shot Misses the Net.
14:46 of 2nd period - Shot by Derek Grant.
14:46 of 2nd period - Shot Misses the Net.
14:58 of 2nd period - Shot by Derek Grant.
14:58 of 2nd period - Shot Misses the Net.
15:00 of 2nd period - Shot by Derek Grant.
15:00 of 2nd period - Shot Misses the Net.
15:16 of 2nd period - Shot by Mark Stone.
15:16 of 2nd period - Shot Misses the Net.
15:24 of 2nd period - Shot by Tomas Hertl.
15:24 of 2nd period - Shot Misses the Net.
15:30 of 2nd period - Shot by T.J. Oshie.
15:30 of 2nd period - Stopped by Darcy Kuemper without a rebound.
15:31 of 2nd period - Vladislav Namestnikov wins face-off versus Darren Helm in Jets zone.
16:07 of 2nd period - Off-side.
16:08 of 2nd period - Mark Jankowski wins face-off versus Jack Roslovic in neutral zone.
16:15 of 2nd period - Shot by Thomas Novak.
16:15 of 2nd period - Shot Misses the Net.
16:17 of 2nd period - Shot by Connor Murphy.
16:17 of 2nd period - Deflect By Thomas Novak.
16:17 of 2nd period - Stopped by Ilya Samsonov without a rebound.
16:18 of 2nd period - Nick Schmaltz wins face-off versus Kirby Dach in Golden Knights zone.
16:29 of 2nd period - Shot by Oliver Bjorkstrand.
16:29 of 2nd period - Stopped by Ilya Samsonov without a rebound.
16:30 of 2nd period - T.J. Oshie wins face-off versus Gustav Nyquist in Golden Knights zone.
16:52 of 2nd period - Shot by Mark Stone.
16:52 of 2nd period - Shot Misses the Net.
17:00 of 2nd period - Shot by Tomas Hertl.
17:00 of 2nd period - Goal by Tomas Hertl - Golden Knights : 3 - Jets : 2.
17:01 of 2nd period - Jack Roslovic wins face-off versus Nick Schmaltz in neutral zone.
17:20 of 2nd period - Andre Burakovsky is hit by Marcus Foligno and loses puck.
17:26 of 2nd period - Off-side.
17:27 of 2nd period - Mark Jankowski wins face-off versus Mark Stone in neutral zone.
17:45 of 2nd period - Shot by Mark Stone.
17:45 of 2nd period - Deflect By T.J. Oshie.
17:45 of 2nd period - Stopped by Darcy Kuemper without a rebound.
17:46 of 2nd period - Nick Schmaltz wins face-off versus Jack Roslovic in Jets zone.
Goals for this period are 3 for Golden Knights vs 2 for Jets.
Shots for this period are 10 for Golden Knights vs 11 for Jets.

3rd period


0:01 of 3rd period - Jack Roslovic wins face-off versus Mark Jankowski in neutral zone.
1:16 of 3rd period - Shot by Mark Stone.
1:16 of 3rd period - Deflect By Tomas Hertl.
1:16 of 3rd period - Stopped by Darcy Kuemper without a rebound.
1:17 of 3rd period - Darren Helm wins face-off versus Vladislav Namestnikov in Jets zone.
1:33 of 3rd period - Shot by Mattias Janmark.
1:33 of 3rd period - Shot Misses the Net.
1:50 of 3rd period - Rafael Harvey-Pinard is hit by Nate Schmidt and loses puck.
1:59 of 3rd period - Shot by Darren Helm.
1:59 of 3rd period - Stopped by Ilya Samsonov without a rebound.
2:00 of 3rd period - Kirby Dach wins face-off versus Gustav Nyquist in Golden Knights zone.
2:14 of 3rd period - Icing by Marcus Foligno.
2:15 of 3rd period - Nick Schmaltz wins face-off versus Jack Roslovic in Golden Knights zone.
2:38 of 3rd period - Shot by Jack Roslovic.
2:38 of 3rd period - Shot Misses the Net.
3:11 of 3rd period - Icing by Jakob Chychrun.
3:12 of 3rd period - Tomas Hertl wins face-off versus Gustav Nyquist in Golden Knights zone.
3:23 of 3rd period - Shot by Mark Stone.
3:23 of 3rd period - Stopped by Darcy Kuemper with a rebound.
3:45 of 3rd period - Shot by Andreas Athanasiou.
3:45 of 3rd period - Shot Misses the Net.
3:47 of 3rd period - Shot by Andreas Athanasiou.
3:47 of 3rd period - Stopped by Ilya Samsonov without a rebound.
3:48 of 3rd period - Mark Jankowski wins face-off versus Vladislav Namestnikov in Golden Knights zone.
3:59 of 3rd period - Mark Jankowski is hit by Sean Walker and loses puck.
4:19 of 3rd period - Mattias Janmark is hit by Nate Schmidt and loses puck.
4:57 of 3rd period - Zac Dalpe is hit by Travis Hamonic and loses puck.
5:22 of 3rd period - Icing by Travis Hamonic.
5:23 of 3rd period - Rafael Harvey-Pinard wins face-off versus Gustav Nyquist in Golden Knights zone.
5:23 of 3rd period - Rafael Harvey-Pinard is hit by Garnet Hathaway.
5:52 of 3rd period - Icing by Jake Bean.
5:53 of 3rd period - Jack Roslovic wins face-off versus Gustav Nyquist in Jets zone.
6:39 of 3rd period - Minor Penalty to Hampus Lindholm for Tripping.
6:40 of 3rd period - Gustav Nyquist wins face-off versus Tomas Hertl in Jets zone.
7:05 of 3rd period - Shot by Mark Stone.
7:05 of 3rd period - Stopped by Darcy Kuemper without a rebound.
7:06 of 3rd period - Andreas Athanasiou wins face-off versus Jack Roslovic in Jets zone.
7:06 of 3rd period - Andreas Athanasiou is hit by Kirby Dach.
7:17 of 3rd period - Icing by Kirby Dach.
7:18 of 3rd period - Andreas Athanasiou wins face-off versus Jack Roslovic in Golden Knights zone.
7:29 of 3rd period - Shot by Zach Werenski.
7:29 of 3rd period - Stopped by Darcy Kuemper without a rebound.
7:30 of 3rd period - Tomas Hertl wins face-off versus Gustav Nyquist in Jets zone.
7:33 of 3rd period - Shot by Mark Stone.
7:33 of 3rd period - Stopped by Darcy Kuemper without a rebound.
7:34 of 3rd period - Gustav Nyquist wins face-off versus Tomas Hertl in Jets zone.
7:34 of 3rd period - Gustav Nyquist is hit by Marcus Foligno.
7:50 of 3rd period - Shot by Zach Werenski.
7:50 of 3rd period - Shot Blocked by Connor Murphy.
7:52 of 3rd period - Shot by Tomas Hertl.
7:52 of 3rd period - Deflect By Mark Stone.
7:52 of 3rd period - Shot Blocked by Nate Schmidt.
7:56 of 3rd period - Shot by Zach Werenski.
7:56 of 3rd period - Shot Misses the Net.
7:58 of 3rd period - Shot by Miro Heiskanen.
7:58 of 3rd period - Shot Misses the Net.
8:00 of 3rd period - Shot by Miro Heiskanen.
8:00 of 3rd period - Stopped by Darcy Kuemper without a rebound.
8:01 of 3rd period - Jack Roslovic wins face-off versus Gustav Nyquist in Jets zone.
8:02 of 3rd period - Shot by Jakob Chychrun.
8:02 of 3rd period - Shot Blocked by Connor Murphy.
8:04 of 3rd period - Shot by Jakob Chychrun.
8:04 of 3rd period - Shot Blocked by Connor Murphy.
8:06 of 3rd period - Shot by Jakob Chychrun.
8:06 of 3rd period - Deflect By T.J. Oshie.
8:06 of 3rd period - The goal is going for a video replay.
8:06 of 3rd period - The goal is refused.
8:07 of 3rd period - Gustav Nyquist wins face-off versus Jack Roslovic in Jets zone.
8:43 of 3rd period - Off-side.
8:44 of 3rd period - Jake Evans wins face-off versus Nick Schmaltz in neutral zone.
8:58 of 3rd period - Torey Krug is hit by Austin Watson and loses puck.
9:19 of 3rd period - Shot by Zach Werenski.
9:19 of 3rd period - Shot Blocked by Hampus Lindholm.
9:21 of 3rd period - Shot by Derek Grant.
9:21 of 3rd period - Stopped by Darcy Kuemper without a rebound.
9:22 of 3rd period - Gustav Nyquist wins face-off versus Jack Roslovic in Jets zone.
9:56 of 3rd period - Icing by Adam Boqvist.
9:57 of 3rd period - Jack Roslovic wins face-off versus Mark Jankowski in Golden Knights zone.
10:18 of 3rd period - Shot by Thomas Novak.
10:18 of 3rd period - Stopped by Ilya Samsonov without a rebound.
10:19 of 3rd period - Nick Schmaltz wins face-off versus Mark Stone in Golden Knights zone.
10:41 of 3rd period - Icing by Miro Heiskanen.
10:42 of 3rd period - Tomas Hertl wins face-off versus Gustav Nyquist in Golden Knights zone.
11:12 of 3rd period - T.J. Oshie is hit by Connor Murphy and loses puck.
11:34 of 3rd period - Icing by Adam Boqvist.
11:35 of 3rd period - Nick Schmaltz wins face-off versus Jack Roslovic in Golden Knights zone.
12:50 of 3rd period - Shot by Austin Watson.
12:50 of 3rd period - Shot Misses the Net.
12:53 of 3rd period - Jake Evans is hit by Ethan Bear and loses puck.
13:15 of 3rd period - T.J. Oshie is hit by Ethan Bear.
13:21 of 3rd period - Shot by Mark Stone.
13:21 of 3rd period - Shot Misses the Net.
13:23 of 3rd period - Shot by Tomas Hertl.
13:23 of 3rd period - Stopped by Darcy Kuemper without a rebound.
13:24 of 3rd period - Mark Jankowski wins face-off versus Vladislav Namestnikov in Jets zone.
13:30 of 3rd period - Miro Heiskanen is hit by Mark Jankowski and loses puck.
13:42 of 3rd period - Minor Penalty to Connor Murphy for Holding.
13:43 of 3rd period - Tomas Hertl wins face-off versus Gustav Nyquist in Jets zone.
13:43 of 3rd period - Tomas Hertl is hit by Nate Schmidt.
13:45 of 3rd period - Shot by Jakob Chychrun.
13:45 of 3rd period - Goal by Jakob Chychrun - Golden Knights : 4 - Jets : 2.
13:46 of 3rd period - Gustav Nyquist wins face-off versus Jack Roslovic in neutral zone.
13:46 of 3rd period - Gustav Nyquist is hit by Marcus Foligno.
14:05 of 3rd period - Shot by Gustav Nyquist.
14:05 of 3rd period - Stopped by Ilya Samsonov without a rebound.
14:06 of 3rd period - Nick Schmaltz wins face-off versus Tomas Hertl in Golden Knights zone.
14:06 of 3rd period - Torey Krug is hit by Miro Heiskanen and loses puck.
14:29 of 3rd period - Shot by Tomas Hertl.
14:29 of 3rd period - Deflect By T.J. Oshie.
14:29 of 3rd period - Stopped by Darcy Kuemper without a rebound.
14:30 of 3rd period - Jack Roslovic wins face-off versus Mark Jankowski in Jets zone.
15:02 of 3rd period - Off-side.
15:03 of 3rd period - Tomas Hertl wins face-off versus Gustav Nyquist in neutral zone.
15:30 of 3rd period - Shot by Andreas Athanasiou.
15:30 of 3rd period - Shot Blocked by Miro Heiskanen.
15:31 of 3rd period - Minor Penalty to Miro Heiskanen for Delaying the game.
15:32 of 3rd period - Derek Grant wins face-off versus Nick Schmaltz in Golden Knights zone.
16:00 of 3rd period - Shot by Nate Schmidt.
16:00 of 3rd period - Shot Blocked by Derek Grant.
16:50 of 3rd period - Icing by Torey Krug.
16:51 of 3rd period - Jake Evans wins face-off versus Andreas Athanasiou in Jets zone.
17:28 of 3rd period - Jakob Chychrun is hit by Oliver Bjorkstrand and loses puck.
17:54 of 3rd period - T.J. Oshie is hit by Darren Helm and loses puck.
18:54 of 3rd period - Icing by Nate Schmidt.
18:55 of 3rd period - Nick Schmaltz wins face-off versus Vladislav Namestnikov in Jets zone.
19:26 of 3rd period - Shot by Oskar Sundqvist.
19:26 of 3rd period - Shot Misses the Net.
19:28 of 3rd period - Shot by Mark Jankowski.
19:28 of 3rd period - Shot Misses the Net.
19:30 of 3rd period - Shot by Mark Jankowski.
19:30 of 3rd period - Shot Misses the Net.
19:32 of 3rd period - Shot by Mark Jankowski.
19:32 of 3rd period - Stopped by Ilya Samsonov with a rebound.
19:34 of 3rd period - Shot by Oskar Sundqvist.
19:34 of 3rd period - Shot Blocked by Jakob Chychrun.
19:36 of 3rd period - Shot by Torey Krug.
19:36 of 3rd period - Deflect By Thomas Novak.
19:36 of 3rd period - Stopped by Ilya Samsonov without a rebound.
19:37 of 3rd period - Gustav Nyquist wins face-off versus Jack Roslovic in Golden Knights zone.
Goals for this period are 1 for Golden Knights vs 0 for Jets.
Shots for this period are 11 for Golden Knights vs 6 for Jets.